cohdb
Replays
Latest Replays
All Replays
Popular Replays
Top Player Replays
Match Explorer
How It Works
Community
CoH3 Stats
Reddit
Sign in to upload your games and track your stats! →
Sign in with Steam
Match 45650892
Unlisted
Match 45650892
Overview
Messages
Build Orders
End
Construct Section Command Post
Selects Heavy Armor Battlegroup
Royal Engineer Section
Infantry Section
Infantry Section
Construct Field Infirmary
Infantry Section
Selects Engineer Detachments
Construct Platoon Command Post
Humber Armored Car
Infantry Section
Unlock M3 Stuart Light Tanks
Selects Light Vehicle Withdraw and Refit
Selects UNKNOWN (202330)
M3 Stuart Light Tank
Vickers Machine Gun Team
6-pounder Anti-tank Gun Team
Unlock Bishop Self-propelled Artillery
CatNi_Tv
уехал на бомбас
MilfGuard
Rolling9Deep
FLOKL
The.5th.InfantryDivision
0
0
Comments
sign in to comment!
No comments posted yet!